 Dungeon Crawl Stone Soup version 0.26.0-7-g794d0892b4 (webtiles) character file.

Game seed: 852207478321937581

60 jackrogers the Cudgeller (level 4, 0/48 HPs)
             Began as an Ogre Berserker on Jan 12, 2021.
             Was a Believer of Trog.
             Slain by a gnoll
             ... wielding a +0 spear
              (5 damage)
             ... on level 2 of the Dungeon.
             The game lasted 00:01:36 (1448 turns).

jackrogers the Cudgeller (Ogre Berserker)           Turns: 1448, Time: 00:01:37

Health: 0/48       AC:  5    Str: 22    XL:     4   Next: 4%
Magic:  4/4        EV:  7    Int:  8    God:    Trog [**....]
Gold:   56         SH:  7    Dex:  8    Spells: 3/3 levels left

rFire    . . .     SeeInvis .   a - +1 mace
rCold    . . .     Faith    .   j - +0 kite shield
rNeg     . . .     Spirit   .   i - +0 troll leather armour {regen}
rPois    .         Reflect  .   (helmet restricted)
rElec    .         Harm     .   (no cloak)
rCorr    .         Rampage  .   (gloves unavailable)
Will     .....                  (boots unavailable)
Stlth    +.........             g - amulet of the acrobat
HPRegen  0.56/turn              (no ring)
MPRegen  0.09/turn              (no ring)

@: no status effects
A: large, unfitting armour, tough skin 1
a: Renounce Religion, Berserk, Trog's Hand


You were on level 2 of the Dungeon.
You worshipped Trog.
Trog was pleased with you.
You visited 1 branch of the dungeon, and saw 2 of its levels.

You collected 56 gold pieces.

Inventory:

Hand Weapons
 a - a +1 mace (weapon)
Armour
 b - a +0 animal skin
 i - a +0 troll leather armour (worn) {regen}
   (You found it on level 1 of the Dungeon)
 j - a +0 kite shield (worn)
   (You found it on level 2 of the Dungeon)
Jewellery
 f - an uncursed amulet of magic regeneration {unknown}
   (You found it on level 2 of the Dungeon)
 g - an amulet of the acrobat (around neck)
   (You found it on level 1 of the Dungeon)
Scrolls
 e - a scroll of random uselessness {unknown}
 h - a scroll of amnesia
Potions
 c - 2 potions of curing {unknown}
 d - a potion of cancellation {unknown}


   Skills:
 - Level 4.0 Fighting
 + Level 4.3 Maces & Flails
 - Level 2.6 Dodging


You had 3 spell levels left.
You didn't know any spells.
Your spell library was empty.

Dungeon Overview and Level Annotations

Branches:
Dungeon (2/15)

Altars:
Nemelex Xobeh


Innate Abilities, Weirdness & Mutations

You are too large for most types of armour.
You have tough skin. (AC +1)


Message History

You miss the adder. The adder misses you. The kobold hits you.
You miss the adder. The adder barely misses you. The kobold hits you.
The adder closely misses you.
You hit the adder. The kobold barely misses you. The adder barely misses you.
The kobold closely misses you.
You barely miss the adder. The adder barely misses you. x2
The kobold hits you but does no damage.
Spoiler Alert: The adder is fast and can poison!
You closely miss the adder. The adder closely misses you.
The kobold hits you but does no damage.
You barely miss the adder. The adder bites you but does no damage.
The kobold hits you. The adder misses you.
You sock the adder!
You kill the adder!
Trog accepts your kill. The kobold hits you but does no damage.
You have reached level 4!
You closely miss the kobold.
The kobold hits you but does no damage. x2
You hit the kobold. The kobold hits you.
You closely miss the kobold. The kobold hits you but does no damage.
You hit the kobold.
You kill the kobold!
Trog accepts your kill.
You see here an adder corpse.
You see here a kite shield.
You see here a kite shield.
j - a kite shield You start putting on your armour.
You continue putting on your kite shield. x4
You finish putting on your +0 kite shield.
Unknown command.
A goblin comes into view.
A goblin is nearby!
A goblin is nearby!
A goblin is nearby!
You block the goblin's attack.
You sock the goblin!
You kill the goblin!
Trog accepts your kill.
No target in view!
No target in view!
You see here a goblin corpse.
Found a stone staircase leading down.
A gnoll comes into view. It is wielding a +0 club.
The gnoll shouts!
You hear a shout!
Spoiler Alert: The gnoll can hit for moderate damage in melee, and throws nets!
A gnoll is nearby!
A gnoll is nearby!
A giant cockroach and 2 gnolls come into view.
The gnoll shouts!
The giant cockroach misses you.
A gnoll comes into view. It is wielding a +0 spear.
The giant cockroach misses you.
Danger x4: gnoll x4!
A bat comes into view.
The gnoll misses you.
You sock the gnoll! The giant cockroach barely misses you.
The gnoll hits you but does no damage. The gnoll hits you.
You block the giant cockroach's attack.
You barely miss the giant cockroach.
The gnoll hits you from afar with a +0 spear.
The gnoll hits you with a +0 club. You block the giant cockroach's attack.
The gnoll hits you!
The gnoll hits you from afar with a +0 spear.
The gnoll hits you but does no damage.
Danger x4: gnoll x4!
You hit the giant cockroach. You block the giant cockroach's attack.
You block the gnoll's attack.
The gnoll hits you from afar with a +0 spear.
The gnoll hits you with a +0 club.
The giant cockroach bites you but does no damage.
The gnoll hits you.
Danger x4: gnoll x4!
You hit the giant cockroach but do no damage.
You block the giant cockroach's attack.
The gnoll hits you from afar with a +0 spear.
The gnoll hits you with a +0 club. The gnoll hits you.
The gnoll hits you from afar with a +0 spear.
The giant cockroach bites you.
* * * LOW HITPOINT WARNING * * *
Danger x4: gnoll x4!
Unknown command.
You hit the giant cockroach but do no damage.
The gnoll hits you but does no damage. x2
The giant cockroach barely misses you. The gnoll closely misses you.
You barely miss the giant cockroach. You block the giant cockroach's attack.
The gnoll hits you but does no damage. You block the gnoll's attack.
The gnoll hits you from afar with a +0 spear.
* * * LOW HITPOINT WARNING * * *
The giant cockroach bites you but does no damage.
The gnoll barely misses you. The gnoll hits you with a +0 club.
* * * LOW HITPOINT WARNING * * *
Danger x4: gnoll x4!
Unknown command.
You closely miss the giant cockroach. You block the gnoll's attack.
You block the giant cockroach's attack. You block the gnoll's attack.
The gnoll hits you with a +0 club.
* * * LOW HITPOINT WARNING * * *
The gnoll hits you from afar with a +0 spear.
You die...

$... ... . ...
......... .g# #
........ #b#.#
#......# #.###g#.#
#.#....# #....gg.#
#[#....# #@#
#.#....# #B#
#.#....# ##.#
..†....# ##.#.#
.#.#.###
#####.###.# ...#.#
#....## #..
.....#####.###.#
#..
..............#>#
###
.....#####.##.#..#


You could see 4 gnolls, a giant cockroach and a bat.

Vanquished Creatures
  3 adders (D:2)
  2 dart slugs
  5 bats (D:1)
  2 giant cockroaches (D:1)
  4 hobgoblins (D:1)
  A quokka (D:2)
  2 frilled lizards (D:1)
  4 goblins
  4 kobolds
  4 rats (D:1)
31 creatures vanquished.

Notes
Turn   | Place    | Note
-------+----------+-------------------------------------------
     0 | D:1      | jackrogers the Ogre Berserker began the quest for the Orb.
     0 | D:1      | Reached XP level 1. HP: 24/24 MP: 1/1
   109 | D:1      | HP: 6/24 [hobgoblin/+0 club (2)]
   114 | D:1      | Reached skill level 3 in Maces & Flails
   425 | D:1      | Reached XP level 2. HP: 32/32 MP: 2/2
  1068 | D:1      | Reached XP level 3. HP: 38/39 MP: 3/3
  1270 | D:2      | Found a sparkling altar of Nemelex Xobeh.
  1273 | D:2      | Reached ** piety under Trog
  1274 | D:2      | Reached skill level 4 in Maces & Flails
  1400 | D:2      | Reached XP level 4. HP: 42/48 MP: 4/4
  1447 | D:2      | HP: 12/48 [gnoll/+0 spear (2)]
  1448 | D:2      | HP: 5/48 [gnoll/+0 club (2)]
  1448 | D:2      | Slain by a gnoll

Illustrated notes

Levels and vault maps discovered:
D:1:      zaba_arrival_water, layout_loops_cross, nrook_mini_vaults,
          minmay_hedge_maze, minmay_tetromino_i4
D:2:      layout_loops_cross, nemelex_xobeh_ov_fountains_minmay

Skill      XL: |  1  2  3 |
---------------+----------+-----
Maces & Flails | 3 4 |  4.3
Fighting       | |  4.0
Dodging        | |  2.6

Action                   |  1- 3 |  4- 6 || total
-------------------------+-------+-------++-------
Melee: Mace              |   105 |    12 ||   117
  Use: Scroll            |     3 |       ||     3
Armor: Animal skin       |    13 |       ||    13
       Troll leather arm |    20 |    10 ||    30
Dodge: Dodged            |    64 |     7 ||    71
Block: Kite shield       |       |    11 ||    11

Table legend: (Time is in decaauts)
 A = Elapsed time spent in this place.
 B = Non-inter-level travel time spent in this place.
 C = Inter-level travel time spent in this place.
 D = Time resting spent in this place.
 E = Time spent auto-exploring this place.
 F = Levels seen in this place.
 G = Mean time per level.
                   A        B        C        D        E       F      G
               +--------+--------+--------+--------+--------+-----+--------+
         Total |   1481 |   1446 |     35 |    389 |    785 |   2 |  740.5 |
       Dungeon |   1481 |   1446 |     35 |    389 |    785 |   2 |  740.5 |
               +--------+--------+--------+--------+--------+-----+--------+

Top non-repeatable levels by time:
     D:1: 1252 daAuts
     D:2: 228 daAuts

Table legend:
 A = Kills in this place as a percentage of kills in entire the game.
 B = Kills by you in this place as a percentage of kills by you in the entire game.
 C = Kills by friends in this place as a percentage of kills by friends in the entire game.
 D = Other kills in this place as a percentage of other kills in the entire game.
 E = Experience gained in this place as a percentage of experience gained in the entire game.
 F = Experience gained in this place divided by the number of levels of this place that you have seen.
                   A       B       C       D       E      F
               +-------+-------+-------+-------+-------+----------------------
         Total | 100.0 | 100.0 |   N/A |   N/A | 100.0 |  43.0
       Dungeon | 100.0 | 100.0 |   N/A |   N/A | 100.0 |  43.0
               +-------+-------+-------+-------+-------+----------------------
